Description

This is a build that I used in front of a Terran:

At 3 min 50, it is very important to scout with an overlord because you'll know if Roach/Ravager push will be a good choice or if you need anti-air

The queens are made for defending Hellions and the baneling nest is made in case you scout Helbats

Replay - roach ravager push (Golden Wall LE )vs terran

Build Order

Get SALT Encoding   

  12  0:01  Drone  
  13  0:12  Overlord  
  13  0:17  Drone  
  14  0:32  Drone x2  
  16  0:49  Hatchery  
  15  0:52  Drone x2  
  17  0:59  Drone  
  17  1:02  Extractor  
  17  1:18  Drone x2, Spawning Pool  
  18  1:30  Drone  
  19  1:40  Overlord  
  19  2:05  Zergling x4  
  19  2:08  Queen x2  
  28  2:20  Metabolic Boost  
  33  2:45  Baneling Nest  
  33  2:48  Overlord  
  32  2:54  Queen  
  36  3:05  Overlord  
  41  3:28  Hatchery  
  40  3:35  Queen  
  42  3:43  Zergling x8  
  46  4:02  Lair  
  46  4:11  Evolution Chamber x2  
  44  4:30  Overlord  
  44  4:39  Queen  
  46  4:50  Roach Warren  
  46  4:52  Extractor  
  49  4:59  Extractor x2  
  54  5:02  Queen  
  63  5:30  Spore Crawler x2  
  62  5:37  Pneumatized Carapace  
  62  5:38  Centrifical Hooks  
  62  5:48  Roach x2  
  66  5:53  Zerg Ground Armor Level 1  
  66  5:54  Zerg Missile Weapons Level 1  
  66  6:23  Overseer x2  
  66  6:27  Roach x8  
  82  6:55  Glial Reconstitution  
  112  7:59  Ravager  
  113  8:10  Ravager x2  
  113  8:12  Zergling x8  
Spawning Tool Build Advisor. Get it on Overwolf

Analysis

At 3min 50, I scouted a double factory opening (producing mines and tanks).

I reacted by launching the Lair and the Roach warren with evo chambers. I saw that my opponent didn't have so much troops and I decided to attack(he had 7 mines and 3 tanks + some marines)

With corrosive biles, I destroyed the tanks and roaches concentrated on mines and marines ( they also helped for destorying the last tank)

Go to:

Details

  • Created by: TuxSwarm
  • Published on: Apr 15, 2020
  • Modified on: Apr 15, 2020
  • Patch: 4.11.0
Show
View Real Time Build Order
Export as new Build Order

Comments (0)

There are no comments. Be the first!

Create an account to comment!